 Dungeon Crawl Stone Soup version 0.22-a0-429-g97ce8ef (webtiles) character file.

51 Gorglomux the Sneak (level 3, -19/19 HPs)
             Began as a Spriggan Berserker on May 25, 2018.
             Demolished by a polar bear (25 damage)
             ... created by the rage of Trog
             ... on level 2 of the Dungeon.
             The game lasted 00:03:02 (2689 turns).

Gorglomux the Sneak (Spriggan Berserker)            Turns: 2689, Time: 00:03:02

Health: -19/19     AC:  2    Str: 14    XL:     3   Next: 58%
Magic:  4/4        EV: 19    Int:  8    God:
Gold:   89         SH:  0    Dex: 15    Spells: 2/2 levels left

rFire    + . .     SeeInvis +   a - +0 short sword
rCold    + . .     Gourm    .   (shield restricted)
rNeg     . . .     Faith    .   b - +0 animal skin
rPois    +         Spirit   .   (helmet restricted)
rElec    +         Reflect  .   (no cloak)
rCorr    +         Harm     .   (gloves unavailable)
MR       .....                  (boots unavailable)
Stlth    +.........             (no amulet)
HPRegen  0.06/turn              (no ring)
MPRegen  0.09/turn              (no ring)

@: confused, resistant, hasted, very quick
A: very small, unfitting armour, see invisible, herbivore, speed 3, slow
metabolism 2
a: no special abilities


You were on level 2 of the Dungeon.
You were not hungry.

You visited 1 branch of the dungeon, and saw 2 of its levels.

You collected 89 gold pieces.

Inventory:

Hand Weapons
 a - a +0 short sword (weapon)
Missiles
 f - 31 stones (quivered)
Armour
 b - a +0 animal skin (worn)
Scrolls
 g - 2 scrolls of remove curse
 h - a scroll of amnesia {unknown}
 R - 6 scrolls of identify
 S - a scroll of magic mapping {unknown}
Potions
 T - a potion of brilliance {unknown}
 U - a potion of heal wounds {unknown}
Comestibles
 c - 4 rations


   Skills:
 + Level 2.6 Fighting
 - Level 3.2 Short Blades
 - Level 4.4 Dodging
 - Level 5.0 Stealth


You had 2 spell levels left.
You didn't know any spells.
Your spell library was empty.

Dungeon Overview and Level Annotations

Branches:
Dungeon (2/15)

Altars:


Innate Abilities, Weirdness & Mutations

You are very small and have problems with some larger weapons.
You are too small for most types of armour.
You have supernaturally acute eyesight. (SInv)
You are a herbivore.
You cover ground extremely quickly.
You need to consume almost no food.


Message History

The rat is moderately wounded!
The rat closely misses you!
You perforate the rat like a sieve!
The rat is severely butt!
The rat butts you!
A rat is nearby!!!
You perforate the rat like a sieve!
You annihilate the rat!!!
Trog sends monsters to butt you! The divine experience confuses you!!!
You are confused!
A polar bear and 3 black bears come into view!
Okay, then!
You're too confused!!!
It was a potion of resistance!
You feel protected!
It was a potion of haste!
You feel yourself butt up! The black bear bites you! The black bear misses you!
The black bear claws you! The polar bear bites you!!!!!!
DANG rip

#########
########.......########
#....h@h...............
#.#+#+#h#'#'#..........
#h#.#†#..#.##....
#######.†#.#####.
#..#.# #. #..#.# #.
.....# #. ....... ..
......# #.


You could see a polar bear (berserk) and 3 black bears.

Vanquished Creatures
  An adder (D:2)
  A dart slug (D:1)
  A leopard gecko (D:1)
  6 bats
  3 giant cockroaches
  2 goblins
  2 hobgoblins (D:1)
  3 jackals (D:1)
  5 kobolds (D:1)
  A quokka (D:2)
  4 frilled lizards
  9 rats
38 creatures vanquished.

Notes
Turn   | Place    | Note
-------+----------+-------------------------------------------
     0 | D:1      | Gorglomux the Spriggan Berserker began the quest for the Orb.
     0 | D:1      | Reached XP level 1. HP: 11/11 MP: 2/2
    73 | D:1      | Reached skill level 1 in Stealth
    74 | D:1      | Fell from the grace of Trog
   113 | D:1      | Reached skill level 2 in Stealth
   184 | D:1      | Reached XP level 2. HP: 8/16 MP: 3/3
   384 | D:1      | Reached skill level 3 in Stealth
  1062 | D:1      | Reached skill level 4 in Stealth
  1143 | D:1      | Reached XP level 3. HP: 15/19 MP: 4/4
  1733 | D:2      | Reached skill level 5 in Stealth
  1851 | D:2      | Paralysed by Trog for 4 turns
  1963 | D:2      | Noticed a black bear
  1963 | D:2      | Noticed a polar bear
  1963 | D:2      | Noticed a black bear
  1963 | D:2      | Noticed a black bear
  2207 | D:1      | Noticed a polar bear
  2207 | D:1      | Noticed a polar bear
  2207 | D:1      | Noticed a polar bear
  2207 | D:1      | Noticed a polar bear
  2688 | D:2      | Noticed a polar bear
  2688 | D:2      | Noticed a black bear
  2688 | D:2      | Noticed a black bear
  2688 | D:2      | Noticed a black bear
  2689 | D:2      | Demolished by a polar bear

Vault maps used:
D:1:      zelgadis_glass_arrival_small
D:2:      lemuel_round_altar, minmay_misc_feat_diagonals, grunt_decor_arrowhead,
          minmay_rat_gold_closets

Skill      XL: |  1  2  3 |
---------------+----------+-----
Stealth        | 2 4 5 |  5.0
Fighting       | |  2.6
Short Blades   | |  3.2
Dodging        | |  4.4

Action                   || total
-------------------------++-------
Melee: Short sword       ||   130
Invok: Renounce Religion ||     1
  Use: Potion            ||     2
       Scroll            ||     1
 Stab: Sleeping          ||     9
Armor: Animal skin       ||    14
Dodge: Dodged            ||   127

Table legend:
 A = Spawn XP
 B = Non-spawn XP
 C = Spawn XP percentage of total XP
 D = Spawn monster count
 E = Non-spawn monster count
 F = Spawn count percentage of total count
 G = Total turns spent on level
                    A         B        C        D         E        F      G
               +---------+---------+-------+---------+---------+-------+---------
         Total |       0 |      74 |   0.0 |       0 |      38 |   0.0 |  2689
               +---------+---------+-------+---------+---------+-------+---------
           D:1 |       0 |      44 |   0.0 |       0 |      25 |   0.0 |  2304
           D:2 |       0 |      30 |   0.0 |       0 |      13 |   0.0 |   385
               +---------+---------+-------+---------+---------+-------+---------
